 Dungeon Crawl Stone Soup version 0.18.1-48-g4cf74bf (webtiles) character file.

25 Krapald the Magician (level 2, 0/15 HPs)
             Began as a Deep Elf Wizard on July 17, 2016.
             Succumbed to an adder's poison
             ... on level 2 of the Dungeon.
             The game lasted 00:10:32 (1273 turns).

Krapald the Magician (Deep Elf Wizard)              Turns: 1273, Time: 00:10:33

Health: 0/15       AC:  2    Str:  4    XL:     2   Next: 86%
Magic:  1/10       EV: 13    Int: 22    God:
Gold:   38         SH:  0    Dex: 13    Spells: 4 memorised, 5 levels left

rFire  . . .     SeeInvis .     h - -3 short sword (curse)
rCold  . . .     Gourm    .     a - +0 robe
rNeg   . . .     Faith    .     (no shield)
rPois  .         Spirit   .     b - +0 hat
rElec  .         Dismiss  .     (no cloak)
rCorr  .         Reflect  .     (no gloves)
SustAt .         Harm     .     (no boots)
MR     .....                    (no amulet)
Stlth  ++........               (no ring)
                                (no ring)

@: lethally poisoned (0 -> -4), very slightly contaminated, repel missiles, not
resistant to hostile enchantments, unstealthy
A: no striking features
a: no special abilities


You were on level 2 of the Dungeon.
You were not hungry.

You visited 1 branch of the dungeon, and saw 2 of its levels.

You collected 38 gold pieces.

Inventory:

Hand Weapons
 h - a cursed -3 short sword (weapon)
 j - a +0 club
 o - a +0 long sword
Armour
 a - a +0 robe (worn)
 b - a +0 hat (worn)
Scrolls
 e - a scroll of teleportation {unknown}
 g - a scroll of blinking
 i - a scroll of noise {unknown}
 l - a scroll of fog
 m - a scroll of enchant armour {unknown}
 p - a scroll of identify {unknown}
Potions
 f - a potion of haste {unknown}
Books
 c - a book of Minor Magic

   Spells                             Type                      Level
   a - Magic Dart                     Conjuration                  1
   b - Blink                          Translocation                2
   c - Call Imp                       Summoning                    2
   d - Repel Missiles                 Charms/Air                   2
   e - Slow                           Hexes                        2
   f - Conjure Flame                  Conjuration/Fire             3
   g - Mephitic Cloud                 Conjuration/Poison/Air       3
Comestibles
 d - 2 bread rations
 k - a slice of pizza
 n - 3 chunks of flesh


   Skills:
 + Level 2.7 Dodging
 + Level 2.4 Stealth
 + Level 5.5 Spellcasting
 + Level 1.3 Conjurations
 + Level 1.2 Summonings
 + Level 1.1 Translocations


You had 5 spell levels left.
You knew the following spells:

 Your Spells              Type           Power        Failure   Level  Hunger
a - Magic Dart            Conj           ##..         8%          1    None
b - Blink                 Tloc           N/A          12%         2    None
c - Call Imp              Summ           ##......     10%         2    None
d - Repel Missiles        Chrm/Air       #.....       17%         2    None


Dungeon Overview and Level Annotations

Branches:
Dungeon (2/15)

Altars:
Ashenzari


Message History

The adder bites you. The adder completely misses you.
You miss the adder. The adder misses you.
You barely miss the adder. The adder bites you. x2
You are lethally poisoned!
The adder poisons you!
You closely miss the adder.
You feel sick. The adder barely misses you.
You miss the adder. The adder bites you.
* * * LOW HITPOINT WARNING * * *
The adder barely misses you.
Casting: Magic Dart
Confirm with . or Enter, or press ? or * to list all spells.
Aiming: Magic Dart
Press: ? - help, Shift-Dir - straight line, f - adder
Aim: an adder The magic dart hits the adder.
The adder is heavily wounded.
* * * LOW HITPOINT WARNING * * *
You feel sick. The adder bites you.
* * * LOW HITPOINT WARNING * * *
You die...

.. #.#.## ....##.##
##.#.(# # ##...?#
..##..##.##.
#.....###..#.###....
#####.#......#.#.###....
.........# #...#.##..>..
.........#####.<..#.....
....[...................
.......@..######........
.!.........# #.#......
.......S##.# ##.#<.....
..##.....#.####.........
# ##...................
#...............#....
#...............###...
#......$..?.....# ###
#...............#


You could see an adder.

Vanquished Creatures
  An ooze (D:2)
  A worm (D:2)
  2 giant geckos
  2 hobgoblins (D:1)
  A ball python (D:1)
  2 bats (D:1)
  4 giant newts
  3 goblins (D:1)
  5 rats
21 creatures vanquished.

Notes
Turn   | Place    | Note
--------------------------------------------------------------
     0 | D:1      | Krapald the Deep Elf Wizard began the quest for the Orb.
     0 | D:1      | Reached XP level 1. HP: 10/10 MP: 7/7
   322 | D:1      | Reached skill level 5 in Spellcasting
   531 | D:1      | Reached XP level 2. HP: 15/15 MP: 8/10
   955 | D:1      | Learned a level 2 spell: Blink
   958 | D:1      | Learned a level 2 spell: Call Imp
   961 | D:1      | Learned a level 2 spell: Repel Missiles
  1200 | D:2      | Found a shattered altar of Ashenzari.
  1273 | D:2      | Succumbed to an adder's poison

Skill      XL: |  1 |
---------------+----+-----
Spellcasting   | 5 |  5.5
Dodging        | |  2.7
Stealth        | |  2.4
Conjurations   | |  1.3
Summonings     | |  1.2
Translocations | |  1.1

Action                   || total
-------------------------++-------
Melee: Unarmed           ||     5
       Short sword       ||     8
 Cast: Magic Dart        ||    47
       Call Imp          ||     1
       Repel Missiles    ||     1
  Use: Scroll            ||     2
       Potion            ||     1
  Eat: Beef jerky        ||     1
Armor: Robe              ||     3
Dodge: Dodged            ||    17
